[Event "42nd Arco Festival 2020"]
[Site "Arco"]
[Date "2020.10.10"]
[Round "1.7"]
[White "Hilbenz, Guntram"]
[Black "Kierzek, Matthias"]
[Result "1-0"]
[ECO "D94"]
[WhiteElo "1862"]
[BlackElo "2256"]
[Annotator "RC"]
[PlyCount "97"]
[EventDate "2020.10.10"]
[EventType "swiss"]
[EventCountry "ITA"]
[SourceTitle "playchess.com"]
[Source "ChessBase"]
[SourceQuality "1"]
[TimeControl "40/5400+30:1800+30"]

1. c4 c6 2. Nf3 d5 3. e3 Nf6 4. Nc3 g6 5. d4 Bg7 6. Bd3 O-O 7. O-O Bg4 8. h3 Bxf3 9. Qxf3 a5 10. Bd2 Qd6 11. Rfd1 Nbd7 12. Rac1 dxc4 13. Bxc4 e5 14. Be1 exd4 15. Rxd4 Qe7 16. a4 Ne5 17. Qe2 Nxc4 18. Qxc4 Nd7 19. Rdd1 Ne5 20. Qb3 Rfd8 21. Ne2 Qc7 22. Rxd8+ Rxd8 23. Rd1 Rxd1 24. Qxd1 Qd7 25. Qxd7 Nxd7 26. b4 axb4 27. Bxb4 Nb6 28. a5 Nc4 29. Nc1 f5 30. Kf1 Kf7 31. Ke2 Ke6 32. Nd3 Nd6 33. Nc5+ Kd5 34. Nxb7 Nb5 35. Bc5 Be5 36. a6 Bb8 37. Kd3 Ba7 38. Bxa7 Nxa7 39. f3 c5 40. e4+ fxe4+ 41. fxe4+ Kc6 42. Kc4 Nb5 43. Nxc5 Nd6+ 44. Kb4 Kb6 45. e5 Nf5 46. e6 Nd4 47. Kc4 Nf5 48. Kd5 Ne3+ 49. Kd6 1-0

[Event "42nd Arco Festival 2020"]
[Site "Arco"]
[Date "2020.10.10"]
[Round "1.9"]
[White "Kopischke, Maik"]
[Black "Felgendreher, Heiko"]
[Result "0-1"]
[ECO "A48"]
[WhiteElo "1855"]
[BlackElo "2230"]
[Annotator "ChessBase"]
[PlyCount "78"]
[EventDate "2020.10.10"]
[EventType "swiss"]
[EventCountry "ITA"]
[SourceTitle "playchess.com"]
[Source "ChessBase"]
[SourceQuality "1"]
[TimeControl "40/5400+30:1800+30"]

1. d4 Nf6 2. Nf3 g6 3. Bg5 Bg7 4. Nbd2 h6 5. Bh4 d6 6. c3 b6 7. e4 g5 8. Bg3 Nh5 9. Bc4 e6 10. a4 a6 11. Qe2 Nd7 12. O-O Nf8 13. Ne1 Nf4 14. Bxf4 gxf4 15. Nd3 Ng6 16. Nb4 c5 17. dxc5 bxc5 18. Nxa6 O-O 19. Ra3 Ne5 20. Bb5 Qb6 21. a5 Qa7 22. b4 Bxa6 23. Bxa6 cxb4 24. cxb4 Qxa6 25. b5 Qc8 26. a6 Qc5 27. Ra2 Rfb8 28. Rb1 Bf6 29. Ra4 Kh7 30. Rab4 Bd8 31. R4b3 Bb6 32. Rh3 Rg8 33. Rbb3 Rg6 34. Rbc3 Rag8 35. Kh1 Rxg2 36. Rxh6+ Kxh6 37. Rh3+ Kg7 38. Kxg2 Kf8+ 39. Kh1 Qc1+ 0-1

[Event "42nd Arco Festival 2020"]
[Site "Arco"]
[Date "2020.10.10"]
[Round "1.11"]
[White "Prosperi, Agostino"]
[Black "Nazarenus, Moritz"]
[Result "0-1"]
[ECO "D12"]
[WhiteElo "1848"]
[BlackElo "2224"]
[Annotator "ChessBase"]
[PlyCount "54"]
[EventDate "2020.10.10"]
[EventType "swiss"]
[EventCountry "ITA"]
[SourceTitle "playchess.com"]
[Source "ChessBase"]
[SourceQuality "1"]
[TimeControl "40/5400+30:1800+30"]

1. d4 d5 2. c4 c6 3. e3 Nf6 4. Nf3 Bf5 5. Bd3 Bxd3 6. Qxd3 e6 7. Nc3 Be7 8. O-O O-O 9. b3 Nbd7 10. Bb2 Qc7 11. Rac1 Rad8 12. Rfd1 Qb8 13. Qe2 Rfe8 14. Ne5 Nxe5 15. dxe5 Nd7 16. cxd5 exd5 17. f4 Bf8 18. Qf3 f6 19. e6 Rxe6 20. Nxd5 cxd5 21. Qxd5 Qd6 22. Qb5 Qb6 23. Qd5 Qxe3+ 24. Kh1 Qe4 25. Qa5 Rde8 26. f5 Bb4 27. Qb5 Qe1+ 0-1

[Event "42nd Arco Festival 2020"]
[Site "Arco"]
[Date "2020.10.10"]
[Round "1.12"]
[White "De Santis, Alessio"]
[Black "Schweighofer, Josef"]
[Result "1-0"]
[ECO "A01"]
[WhiteElo "2223"]
[BlackElo "1838"]
[Annotator "ChessBase"]
[PlyCount "71"]
[EventDate "2020.10.10"]
[EventType "swiss"]
[EventCountry "ITA"]
[SourceTitle "playchess.com"]
[Source "ChessBase"]
[SourceQuality "1"]
[TimeControl "40/5400+30:1800+30"]

1. b3 e5 2. Bb2 Nc6 3. c4 Nf6 4. e3 d5 5. cxd5 Nxd5 6. a3 Be7 7. Qc2 O-O 8. Nf3 Bf6 9. d3 Qe7 10. Nbd2 g6 11. h4 Bg4 12. Be2 Rfe8 13. Rc1 Rac8 14. b4 a6 15. Ne4 Bg7 16. Nc5 Nd8 17. Qc4 Be6 18. Nxe6 Qxe6 19. Ng5 Qd7 20. h5 h6 21. Ne4 g5 22. Nc5 Qd6 23. Bg4 Nb6 24. Qc2 Rb8 25. Ne4 Qc6 26. Qd1 Qd5 27. Rxc7 Ne6 28. Bxe6 Rxe6 29. O-O Ree8 30. Qf3 Rf8 31. Nf6+ Bxf6 32. Qxf6 Qe6 33. Qxe6 fxe6 34. Bxe5 Rbc8 35. Rg7+ Kh8 36. Rxb7+ 1-0

[Event "42nd Arco Festival 2020"]
[Site "Arco"]
[Date "2020.10.10"]
[Round "1.13"]
[White "Bruessow, Jakob"]
[Black "Dittmar, Peter"]
[Result "0-1"]
[ECO "C16"]
[WhiteElo "1831"]
[BlackElo "2222"]
[Annotator "NA"]
[PlyCount "56"]
[EventDate "2020.10.10"]
[EventType "swiss"]
[EventCountry "ITA"]
[SourceTitle "playchess.com"]
[Source "ChessBase"]
[SourceQuality "1"]
[TimeControl "40/5400+30:1800+30"]

1. e4 e6 2. d4 d5 3. Nc3 Bb4 4. e5 Ne7 5. Qg4 O-O 6. Bg5 Nd7 7. a3 Bxc3+ 8. bxc3 f5 9. Qh4 Rf7 10. Nh3 Nf8 11. Be2 Qe8 12. Bh5 Neg6 13. Qg3 c5 14. O-O Rc7 15. Rfc1 Bd7 16. Rab1 b6 17. Be3 cxd4 18. Bxd4 Rac8 19. Ng5 Qe7 20. Ra1 Be8 21. Be2 Nd7 22. h4 h6 23. Nf3 Nc5 24. Bd3 Ne4 25. Bxe4 dxe4 26. Nh2 Qxh4 27. Nf1 Qxg3 28. Nxg3 Nf4 0-1

[Event "42nd Arco Festival 2020"]
[Site "Arco"]
[Date "2020.10.10"]
[Round "1.17"]
[White "Carola, Paolo"]
[Black "Podetti, Davide"]
[Result "0-1"]
[ECO "A45"]
[WhiteElo "1782"]
[BlackElo "2190"]
[Annotator "ChessBase"]
[PlyCount "96"]
[EventDate "2020.10.10"]
[EventType "swiss"]
[EventCountry "ITA"]
[SourceTitle "playchess.com"]
[Source "ChessBase"]
[SourceQuality "1"]
[TimeControl "40/5400+30:1800+30"]

1. d4 Nf6 2. Bg5 Ne4 3. Bh4 d5 4. Nd2 Nd6 5. e3 Nf5 6. Bg3 Nxg3 7. hxg3 c5 8. c3 Qc7 9. Qh5 Be6 10. Ngf3 g6 11. Qe5 Qxe5 12. Nxe5 cxd4 13. Bb5+ Kd8 14. exd4 Bg7 15. Ndf3 f6 16. Nd3 Kc7 17. Nf4 Bf7 18. O-O-O a6 19. Ba4 b5 20. Bb3 Kd6 21. Kb1 Nd7 22. Rhe1 a5 23. Bxd5 Bxd5 24. Nxd5 e6 25. Nf4 Nf8 26. Re2 h5 27. Rde1 Re8 28. Nd2 f5 29. Nf3 Bf6 30. Ne5 g5 31. Nfd3 Rh7 32. Nc5 a4 33. Rd1 Bxe5 34. Rxe5 Ng6 35. Re2 e5 36. b4 e4 37. Kc2 h4 38. Rh1 Reh8 39. Kd2 hxg3 40. Rxh7 Rxh7 41. fxg3 Kd5 42. Rf2 f4 43. gxf4 gxf4 44. Re2 e3+ 45. Kd3 f3 46. Rxe3 fxg2 47. Rg3 Rh3 48. Rxh3 Nf4+ 0-1

[Event "42nd Arco Festival 2020"]
[Site "Arco"]
[Date "2020.10.10"]
[Round "1.18"]
[White "Molina, Fabrizio"]
[Black "Necesito, Donald"]
[Result "1-0"]
[ECO "A26"]
[WhiteElo "2181"]
[BlackElo "1779"]
[Annotator "ChessBase"]
[PlyCount "75"]
[EventDate "2020.10.10"]
[EventType "swiss"]
[EventCountry "ITA"]
[SourceTitle "playchess.com"]
[Source "ChessBase"]
[SourceQuality "1"]
[TimeControl "40/5400+30:1800+30"]

1. c4 Nf6 2. Nc3 g6 3. e4 d6 4. g3 Bg7 5. Bg2 O-O 6. Nge2 Nc6 7. d3 e5 8. O-O Bd7 9. h3 h5 10. Be3 Nh7 11. f4 f5 12. Qd2 Rb8 13. d4 Qc8 14. Kh2 Ne7 15. dxe5 dxe5 16. Bxa7 Ra8 17. Bc5 Re8 18. Rad1 Bc6 19. Nd5 Nxd5 20. exd5 Bd7 21. fxe5 Bxe5 22. Nf4 Ra6 23. Bd4 Kf7 24. Bxe5 Rxe5 25. Qc3 Re8 26. c5 Nf6 27. Rfe1 g5 28. Nd3 Ne4 29. Qd4 Ra4 30. Nb4 Nf6 31. b3 Ra5 32. a4 Rh8 33. d6 cxd6 34. Qxd6 Qxc5 35. Re7+ Kg6 36. Rxd7 Qxd6 37. R1xd6 b5 38. Nc6 1-0

[Event "42nd Arco Festival 2020"]
[Site "Arco"]
[Date "2020.10.11"]
[Round "2.2"]
[White "Wollenweber, Carsten"]
[Black "Siebrecht, Sebastian"]
[Result "0-1"]
[ECO "B42"]
[WhiteElo "2071"]
[BlackElo "2416"]
[Annotator "RC"]
[PlyCount "76"]
[EventDate "2020.10.10"]
[EventType "swiss"]
[EventCountry "ITA"]
[SourceTitle "playchess.com"]
[Source "ChessBase"]
[SourceQuality "1"]
[TimeControl "40/5400+30:1800+30"]

1. e4 c5 2. Nf3 e6 3. d4 cxd4 4. Nxd4 a6 5. Bd3 Bc5 6. Nb3 Be7 7. c4 d6 8. O-O Nf6 9. Nc3 Nbd7 10. f4 b6 11. Qe2 Qc7 12. g4 Nc5 13. Nxc5 Qxc5+ 14. Be3 Qc7 15. g5 Nd7 16. Rac1 Bb7 17. b4 g6 18. Qf2 O-O 19. Qh4 Rfe8 20. Rf3 h5 21. Rh3 Bf8 22. Qf2 Rab8 23. Bd4 e5 24. fxe5 Nxe5 25. Bxb6 Qc8 26. Bf1 Ba8 27. c5 dxc5 28. Bxc5 Rxb4 29. Bxb4 Bxb4 30. Nd5 Qxc1 31. Nxb4 Bxe4 32. Qe3 Qb1 33. Qb3 Qe1 34. Nxa6 Ng4 35. Qb6 Bb7 36. Nc7 Re2 37. Rg3 Rxh2 38. Rxg4 Rh1# 0-1

[Event "42nd Arco Festival 2020"]
[Site "Arco"]
[Date "2020.10.11"]
[Round "2.11"]
[White "Dittmar, Peter"]
[Black "Altieri, Danilo Mario"]
[Result "1-0"]
[ECO "A13"]
[WhiteElo "2222"]
[BlackElo "1939"]
[Annotator "ChessBase"]
[PlyCount "83"]
[EventDate "2020.10.10"]
[EventType "swiss"]
[EventCountry "ITA"]
[SourceTitle "playchess.com"]
[Source "ChessBase"]
[SourceQuality "1"]
[TimeControl "40/5400+30:1800+30"]

1. c4 c6 2. g3 d5 3. Nf3 e6 4. Bg2 Bd6 5. O-O Nd7 6. d3 Ngf6 7. Nbd2 O-O 8. e4 dxe4 9. Nxe4 Nxe4 10. dxe4 Ne5 11. Qe2 Nxf3+ 12. Bxf3 e5 13. Rd1 Qe7 14. b3 Be6 15. Bb2 f6 16. Bg4 Rfd8 17. Bxe6+ Qxe6 18. Rd3 Be7 19. Rad1 Rxd3 20. Rxd3 Rd8 21. Rxd8+ Bxd8 22. c5 Be7 23. Qc2 h5 24. h4 g6 25. Bc1 Kf7 26. Be3 g5 27. hxg5 fxg5 28. Qd1 Kg6 29. Kh2 g4 30. Kg2 Qf6 31. Qd7 Qf3+ 32. Kg1 h4 33. Qe6+ Bf6 34. Qg8+ Bg7 35. Qe8+ Qf7 36. Qxf7+ Kxf7 37. gxh4 Kg6 38. Bg5 Bf8 39. b4 b6 40. b5 bxc5 41. bxc6 Bd6 42. Bd8 1-0

[Event "42nd Arco Festival 2020"]
[Site "Arco"]
[Date "2020.10.11"]
[Round "2.12"]
[White "Poschadel, Andreas Gregor"]
[Black "Heinert, Eugen"]
[Result "1-0"]
[ECO "C02"]
[WhiteElo "1946"]
[BlackElo "2204"]
[Annotator "ChessBase"]
[PlyCount "71"]
[EventDate "2020.10.10"]
[EventType "swiss"]
[EventCountry "ITA"]
[SourceTitle "playchess.com"]
[Source "ChessBase"]
[SourceQuality "1"]
[TimeControl "40/5400+30:1800+30"]

1. e4 e6 2. d4 d5 3. e5 c5 4. c3 Nc6 5. Nf3 Bd7 6. Be2 f6 7. O-O fxe5 8. Nxe5 Nxe5 9. dxe5 Qc7 10. c4 d4 11. Bf4 O-O-O 12. Nd2 Ne7 13. Bg3 Nf5 14. f4 Ne3 15. Qc1 Nxf1 16. Qxf1 Be7 17. h4 Rdf8 18. Qd1 Bc6 19. Bd3 Kb8 20. Qg4 Qd7 21. a3 Ka8 22. Rb1 a5 23. b3 g6 24. Be1 Rf7 25. Ne4 Rhf8 26. g3 Rg7 27. Bxa5 Bxe4 28. Bxe4 Bd8 29. Bd2 Bb6 30. a4 h6 31. a5 Bd8 32. a6 g5 33. axb7+ Kb8 34. Ra1 Ba5 35. Rxa5 gxf4 36. Ra8+ 1-0

[Event "42nd Arco Festival 2020"]
[Site "Arco"]
[Date "2020.10.11"]
[Round "2.13"]
[White "Ruecker, Benjamin"]
[Black "Zschiesing, Falk"]
[Result "1-0"]
[ECO "A55"]
[WhiteElo "2202"]
[BlackElo "1936"]
[Annotator "ChessBase"]
[PlyCount "111"]
[EventDate "2020.10.10"]
[EventType "swiss"]
[EventCountry "ITA"]
[SourceTitle "playchess.com"]
[Source "ChessBase"]
[SourceQuality "1"]
[TimeControl "40/5400+30:1800+30"]

1. c4 d6 2. d4 e5 3. Nc3 Nf6 4. Nf3 Nbd7 5. g3 Be7 6. Bg2 O-O 7. O-O c6 8. e4 Re8 9. h3 Bf8 10. Qc2 a6 11. Rd1 Qc7 12. Be3 Qa5 13. a3 exd4 14. b4 Qc7 15. Nxd4 Ne5 16. Qe2 b5 17. cxb5 axb5 18. Rdc1 Qb7 19. a4 bxa4 20. f4 Ng6 21. b5 c5 22. Nc6 Qc7 23. e5 dxe5 24. fxe5 Nxe5 25. b6 Qxb6 26. Nxe5 Ba6 27. Qf2 Qe6 28. Bxa8 Rxa8 29. Ng4 Nxg4 30. hxg4 Re8 31. Re1 Qxg4 32. Rxa4 Qc8 33. Rf4 Bb7 34. Kh2 Qc6 35. Rxf7 Bd6 36. Rf1 h6 37. Rxb7 Qxb7 38. Nd1 Re5 39. Qf3 Qe7 40. Kg2 Re6 41. Qd5 Kh7 42. Rf3 Re5 43. Qd3+ Kh8 44. Bf4 Re6 45. Nf2 Bxf4 46. Rxf4 Qe8 47. Qf3 Qc6 48. Qxc6 Rxc6 49. Rc4 g5 50. Ne4 Re6 51. Kf3 Kh7 52. Rxc5 Kg6 53. Rd5 Kh5 54. Rd6 g4+ 55. Kf4 Rf6+ 56. Nxf6+ 1-0

[Event "42nd Arco Festival 2020"]
[Site "Arco"]
[Date "2020.10.11"]
[Round "2.14"]
[White "Podetti, Davide"]
[Black "Buglisi, Massimo"]
[Result "1/2-1/2"]
[ECO "A43"]
[WhiteElo "2190"]
[BlackElo "1918"]
[Annotator "ChessBase"]
[PlyCount "35"]
[EventDate "2020.10.10"]
[EventType "swiss"]
[EventCountry "ITA"]
[SourceTitle "playchess.com"]
[Source "ChessBase"]
[SourceQuality "1"]
[TimeControl "40/5400+30:1800+30"]

1. d4 c5 2. d5 Nf6 3. Nc3 g6 4. e4 d6 5. h3 Bg7 6. Nf3 O-O 7. Be2 Na6 8. O-O Nc7 9. a4 b6 10. Bf4 Bb7 11. Re1 a6 12. Qd2 Qd7 13. Bh2 b5 14. Bf1 b4 15. Nd1 Rad8 16. c4 e5 17. Qc2 Nh5 18. Ne3 1/2-1/2

[Event "42nd Arco Festival 2020"]
[Site "Arco"]
[Date "2020.10.11"]
[Round "2.18"]
[White "Perestjuk, Marko"]
[Black "Monducci, Mirko"]
[Result "1-0"]
[ECO "B12"]
[WhiteElo "2124"]
[BlackElo "1885"]
[Annotator "ChessBase"]
[PlyCount "45"]
[EventDate "2020.10.10"]
[EventType "swiss"]
[EventCountry "ITA"]
[SourceTitle "playchess.com"]
[Source "ChessBase"]
[SourceQuality "1"]
[TimeControl "40/5400+30:1800+30"]

1. e4 c6 2. d4 d5 3. e5 Bf5 4. h4 h5 5. c4 e6 6. Nc3 Nd7 7. Nf3 Ne7 8. Bg5 Qb6 9. b3 Ng6 10. c5 Qc7 11. Be2 Be7 12. Bxe7 Nxe7 13. O-O Bg4 14. b4 O-O 15. Ng5 Bxe2 16. Nxe2 Nf5 17. Nf4 g6 18. Nxh5 Ng7 19. Nf4 Rae8 20. Qg4 Qc8 21. Rfe1 f6 22. Nf3 fxe5 23. Nxe5 1-0

[Event "42nd Arco Festival 2020"]
[Site "Arco"]
[Date "2020.10.12"]
[Round "3.3"]
[White "Molina, Fabrizio"]
[Black "Mantovani, Renzo"]
[Result "0-1"]
[ECO "A20"]
[WhiteElo "2181"]
[BlackElo "2294"]
[Annotator "NA"]
[PlyCount "76"]
[EventDate "2020.10.10"]
[EventType "swiss"]
[EventCountry "ITA"]
[SourceTitle "playchess.com"]
[Source "ChessBase"]
[SourceQuality "1"]
[TimeControl "40/5400+30:1800+30"]

1. c4 e5 2. g3 Nf6 3. Bg2 Nc6 4. a3 g6 5. Nc3 Bg7 6. d3 O-O 7. e4 a5 8. Nge2 d6 9. O-O Nd7 10. f4 exf4 11. gxf4 Nd4 12. Be3 Nxe2+ $11 13. Nxe2 Bxb2 14. Ra2 Bg7 15. Ng3 Qh4 16. f5 Bh6 17. Bxh6 Qxh6 18. Raf2 Ne5 19. Qe2 c5 20. Rf4 Bd7 21. h4 b5 22. d4 cxd4 23. cxb5 d3 24. Qb2 d2 25. Qxd2 Bxb5 26. Qxd6 Bxf1 27. Qxe5 Bxg2 28. fxg6 hxg6 29. Kxg2 Rae8 30. Qd6 Rd8 31. Qc7 Rd2+ 32. Kh3 Rd3 33. a4 Rd4 34. Rg4 Rxa4 35. Rg5 Qg7 36. Nh5 Ra3+ 37. Kh2 Qb2+ 38. Rg2 Qb8 0-1

[Event "42nd Arco Festival 2020"]
[Site "Arco"]
[Date "2020.10.12"]
[Round "3.4"]
[White "Vezzosi, Paolo"]
[Black "Perestjuk, Marko"]
[Result "0-1"]
[ECO "A07"]
[WhiteElo "2262"]
[BlackElo "2124"]
[Annotator "NA"]
[PlyCount "47"]
[EventDate "2020.10.10"]
[EventType "swiss"]
[EventCountry "ITA"]
[SourceTitle "playchess.com"]
[Source "ChessBase"]
[SourceQuality "1"]
[TimeControl "40/5400+30:1800+30"]

1. Nf3 d5 2. g3 g6 3. Bg2 Bg7 4. O-O e5 5. d3 Ne7 6. e4 O-O 7. exd5 Nxd5 8. Nbd2 Nc6 9. Re1 Re8 10. Nc4 $11 Bf5 11. Ng5 Nb6 12. Bxc6 bxc6 13. Na5 Qd5 14. Bd2 Rad8 15. Ne4 Bh3 16. f3 Bc8 17. Nf2 c5 18. b3 f5 19. Bc3 Nd7 20. Qe2 Nf8 21. Nc4 Bb7 22. Bxe5 Nd7 23. d4 cxd4 24. Nd3 0-1

[Event "42nd Arco Festival 2020"]
[Site "Arco"]
[Date "2020.10.12"]
[Round "3.5"]
[White "Rozman, Monika"]
[Black "Felgendreher, Heiko"]
[Result "1-0"]
[ECO "B90"]
[WhiteElo "2129"]
[BlackElo "2230"]
[Annotator "NA"]
[PlyCount "105"]
[EventDate "2020.10.10"]
[EventType "swiss"]
[EventCountry "ITA"]
[SourceTitle "playchess.com"]
[Source "ChessBase"]
[SourceQuality "1"]
[TimeControl "40/5400+30:1800+30"]

1. e4 c5 2. Nf3 d6 3. d4 cxd4 4. Nxd4 Nf6 5. Nc3 a6 6. Be3 e5 7. Nf3 Be7 8. Bc4 Be6 $11 9. Bb3 O-O 10. O-O Nc6 11. Qe2 Na5 12. Rfd1 Nxb3 13. cxb3 Qa5 14. Bg5 Rfd8 15. Bxf6 Bxf6 16. Nd5 Rac8 17. Qe3 Bxd5 18. Rxd5 Rc5 19. Rd2 d5 20. Ne1 d4 21. Qe2 Bg5 22. Rc2 Rdc8 23. Rxc5 Qxc5 24. g3 g6 25. Nd3 Qb5 26. Qg4 Re8 27. Rd1 f6 28. h4 Bh6 29. h5 Kf7 30. Kg2 Bg5 31. Ne1 Ke7 32. Nf3 gxh5 33. Qf5 h6 34. Nxg5 hxg5 35. Rc1 Qd7 36. Qh7+ Kd6 37. Qxh5 Rc8 38. Rxc8 Qxc8 39. Qf7 f5 40. Qd5+ Ke7 41. Qxe5+ Qe6 42. Qxf5 Qxf5 43. exf5 g4 44. f4 Kf6 45. Kf2 Kxf5 46. Ke2 Ke4 47. b4 d3+ 48. Kd2 Kd4 49. f5 Ke5 50. Kxd3 Kxf5 51. Kd4 b6 52. Kd5 b5 53. Kd4 1-0

[Event "42nd Arco Festival 2020"]
[Site "Arco"]
[Date "2020.10.12"]
[Round "3.6"]
[White "Calavalle, Giulio"]
[Black "Decker, Nils"]
[Result "1-0"]
[ECO "C18"]
[WhiteElo "2229"]
[BlackElo "2080"]
[Annotator "NA"]
[PlyCount "109"]
[EventDate "2020.10.10"]
[EventType "swiss"]
[EventCountry "ITA"]
[SourceTitle "playchess.com"]
[Source "ChessBase"]
[SourceQuality "1"]
[TimeControl "40/5400+30:1800+30"]

1. e4 e6 2. d4 d5 3. Nc3 Bb4 4. e5 c5 5. a3 Ba5 6. b4 cxd4 7. Nb5 Bc7 8. f4 Bd7 9. Nxd4 Nc6 10. Ngf3 Nge7 11. Bb2 Nxd4 12. Nxd4 $11 Bb6 13. Bd3 g5 14. f5 Qb8 15. Qe2 Bxd4 16. Bxd4 Nc6 17. fxe6 Bxe6 18. Bb2 d4 19. O-O a6 20. Rae1 Qc7 21. Bf5 O-O-O 22. Bxe6+ fxe6 23. Qg4 Kb8 24. Qxe6 Rhe8 25. Qc4 Nxe5 26. Qxc7+ Kxc7 27. Re4 Nc4 28. Rxe8 Rxe8 29. Rf7+ Kc6 30. Bxd4 Nxa3 31. c3 Nb5 32. Bf6 Re6 33. Bxg5 Nxc3 34. Rxh7 Re1+ 35. Kf2 Rb1 36. Be7 Nd5 37. g4 Rb2+ 38. Kg3 Rb3+ 39. Kh4 Nxe7 40. Rxe7 Rxb4 41. Kh5 Rb2 42. h4 a5 43. Re4 Rg2 44. g5 b5 45. g6 a4 46. Re6+ Kb7 47. Re3 Kb6 48. Kh6 b4 49. g7 a3 50. Re6+ Kb7 51. Re4 Kc6 52. Rxb4 a2 53. Ra4 Rh2 54. h5 Rg2 55. Rxa2 1-0

[Event "42nd Arco Festival 2020"]
[Site "Arco"]
[Date "2020.10.12"]
[Round "3.8"]
[White "Cardili, Mariano"]
[Black "Dittmar, Peter"]
[Result "0-1"]
[ECO "E59"]
[WhiteElo "2087"]
[BlackElo "2222"]
[Annotator "NA"]
[PlyCount "50"]
[EventDate "2020.10.10"]
[EventType "swiss"]
[EventCountry "ITA"]
[SourceTitle "playchess.com"]
[Source "ChessBase"]
[SourceQuality "1"]
[TimeControl "40/5400+30:1800+30"]

1. d4 Nf6 2. c4 e6 3. Nc3 Bb4 4. e3 O-O 5. Nf3 d5 6. Bd3 c5 7. O-O Nc6 8. a3 Bxc3 9. bxc3 dxc4 10. Bxc4 Qc7 11. Bd3 e5 12. Qc2 Re8 13. dxe5 Nxe5 14. Nxe5 $11 Rxe5 15. Re1 c4 16. Bf1 Bf5 17. Qb2 Ng4 18. g3 Re6 19. f3 Ne5 20. Qf2 Bd3 21. e4 Bxf1 22. Rxf1 Nd3 23. Qd4 b6 24. Bf4 Nxf4 25. gxf4 Rd8 0-1

[Event "42nd Arco Festival 2020"]
[Site "Arco"]
[Date "2020.10.12"]
[Round "3.9"]
[White "Poschadel, Andreas Gregor"]
[Black "Ruecker, Benjamin"]
[Result "1/2-1/2"]
[ECO "B15"]
[WhiteElo "1946"]
[BlackElo "2202"]
[Annotator "NA"]
[PlyCount "73"]
[EventDate "2020.10.10"]
[EventType "swiss"]
[EventCountry "ITA"]
[SourceTitle "playchess.com"]
[Source "ChessBase"]
[SourceQuality "1"]
[TimeControl "40/5400+30:1800+30"]

1. e4 c6 2. Nf3 d5 3. Nc3 dxe4 4. Nxe4 Nf6 5. Nxf6+ exf6 6. d4 Bd6 7. Be2 $11 O-O 8. O-O Bg4 9. Be3 Re8 10. Re1 Nd7 11. Qd2 Nf8 12. h3 Bh5 13. c3 f5 14. Bf4 Ng6 15. Bxd6 Qxd6 16. Nh2 Bxe2 17. Rxe2 Nf4 18. Rxe8+ Rxe8 19. Re1 Re4 20. f3 Rxe1+ 21. Qxe1 Qe6 22. Qd2 g5 23. a4 Qa2 24. h4 h6 25. hxg5 hxg5 26. g3 Ne6 27. Qc2 Qd5 28. Kf2 Kg7 29. Nf1 f4 30. g4 Qc4 31. Nd2 Qd5 32. Qe4 Qa2 33. Qc2 Qd5 34. Nf1 c5 35. Qf5 Qb3 36. d5 Qxb2+ 37. Kg1 1/2-1/2

[Event "42nd Arco Festival 2020"]
[Site "Arco"]
[Date "2020.10.12"]
[Round "3.11"]
[White "Sedina, Elena"]
[Black "Fuochi, Tommaso"]
[Result "1-0"]
[ECO "C17"]
[WhiteElo "2299"]
[BlackElo "1992"]
[Annotator "NA"]
[PlyCount "62"]
[EventDate "2020.10.10"]
[EventType "swiss"]
[EventCountry "ITA"]
[SourceTitle "playchess.com"]
[Source "ChessBase"]
[SourceQuality "1"]
[TimeControl "40/5400+30:1800+30"]

1. e4 e6 2. d4 d5 3. Nc3 Bb4 4. e5 c5 5. Bd2 Ne7 $11 6. a3 Bd7 7. Qg4 Nbc6 8. Qd1 Bc8 9. Qg4 Bd7 10. Qd1 Bc8 11. Qg4 Bd7 12. Qd1 Bc8 13. Qg4 Bd7 14. Qd1 Bc8 15. Qg4 Bd7 16. Qd1 Bc8 17. Qg4 Bd7 18. Qd1 Bc8 19. Qg4 Bd7 20. Qd1 Bc8 21. Qg4 Bd7 22. Qd1 Bc8 23. Qg4 Bd7 24. Qd1 Bc8 25. Qg4 Bd7 26. Qd1 Bc8 27. Qg4 Bd7 28. Qd1 Bc8 29. Qg4 Bd7 30. Qd1 Bc8 31. Qg4 Bd7 1-0

[Event "42nd Arco Festival 2020"]
[Site "Arco"]
[Date "2020.10.12"]
[Round "3.12"]
[White "Trabattoni, Franco"]
[Black "Bergero, Simone"]
[Result "1/2-1/2"]
[ECO "A46"]
[WhiteElo "2246"]
[BlackElo "1961"]
[Annotator "NA"]
[PlyCount "24"]
[EventDate "2020.10.10"]
[EventType "swiss"]
[EventCountry "ITA"]
[SourceTitle "playchess.com"]
[Source "ChessBase"]
[SourceQuality "1"]
[TimeControl "40/5400+30:1800+30"]

1. d4 Nf6 2. Nf3 e6 3. g3 b5 4. Bg2 d5 5. O-O Bb7 6. Nbd2 Nbd7 7. a4 b4 8. c4 bxc3 9. bxc3 Ba6 10. Re1 Be7 11. Rf1 Bf8 12. Re1 c5 1/2-1/2

[Event "42nd Arco Festival 2020"]
[Site "Arco"]
[Date "2020.10.12"]
[Round "3.14"]
[White "Kostov, Deyan Samuil"]
[Black "Podetti, Davide"]
[Result "1/2-1/2"]
[ECO "D02"]
[WhiteElo "2065"]
[BlackElo "2190"]
[Annotator "ChessBase"]
[PlyCount "59"]
[EventDate "2020.10.10"]
[EventType "swiss"]
[EventCountry "ITA"]
[SourceTitle "playchess.com"]
[Source "ChessBase"]
[SourceQuality "1"]
[TimeControl "40/5400+30:1800+30"]

1. d4 d5 2. Bf4 Nf6 3. e3 e6 4. Nf3 Bd6 5. Bg3 O-O 6. Nbd2 c5 7. c3 Qc7 8. Ne5 c4 9. Be2 Nbd7 10. f4 b5 11. O-O Bb7 12. Bh4 Ne4 13. Nxe4 dxe4 14. Nxd7 Qxd7 15. b3 Bd5 16. a4 a6 17. b4 a5 18. bxa5 Rxa5 19. axb5 Qxb5 20. Rxa5 Qxa5 21. Qa1 Ra8 22. Qxa5 Rxa5 23. Rb1 Kf8 24. Kf1 Ke8 25. Be1 Ra2 26. Rd1 Bc7 27. Rd2 Ra1 28. Rd1 Ra2 29. Rd2 Ra1 30. Rd1 1/2-1/2

[Event "42nd Arco Festival 2020"]
[Site "Arco"]
[Date "2020.10.11"]
[Round "3.15"]
[White "Valenti, Giuseppe"]
[Black "Molina, Fabrizio"]
[Result "0-1"]
[ECO "D40"]
[WhiteElo "1906"]
[BlackElo "2181"]
[Annotator "ChessBase"]
[PlyCount "102"]
[EventDate "2020.10.10"]
[EventType "swiss"]
[EventCountry "ITA"]
[SourceTitle "playchess.com"]
[Source "ChessBase"]
[SourceQuality "1"]
[TimeControl "40/5400+30:1800+30"]

1. c4 e6 2. Nf3 d5 3. e3 c5 4. d4 Nc6 5. Nc3 Nf6 6. Bd3 Be7 7. a3 O-O 8. O-O b6 9. Re1 Bb7 10. cxd5 exd5 11. b3 Re8 12. Bb2 cxd4 13. exd4 Bd6 14. Qd2 Na5 15. Bc2 Ne4 16. Nxe4 dxe4 17. Ng5 Rc8 18. Nxe4 Bxe4 19. Rxe4 Rxe4 20. Bxe4 Nxb3 21. Qd3 Nxa1 22. Bxh7+ Kf8 23. Qh3 Rc7 24. Bd3 Qf6 25. Qh8+ Ke7 26. Bb5 Qf4 27. Qe8+ Kf6 28. d5+ Be5 29. Qd8+ Kg6 30. Bd3+ Kh5 31. g3 Qf6 32. Qh8+ Qh6 33. Qxh6+ Kxh6 34. Bxe5 Rc1+ 35. Kg2 Rd1 36. Be4 Nb3 37. Bb8 Nc5 38. Bf3 Rd3 39. Bxa7 Nd7 40. a4 Ra3 41. Bd1 Kg6 42. f4 Kf6 43. Bg4 Rxa4 44. Bxd7 Rxa7 45. Bb5 Ra5 46. Bc6 b5 47. Kf2 b4 48. Ke2 b3 49. Kd2 Rc5 50. Ba4 b2 51. Bc2 Ke7 0-1